 Dungeon Crawl Stone Soup version 0.31-a0-162-gc4c5a43528 (webtiles) character file.

Game seed: 7641833077054435666

1227 fishfingerz the Chiller (level 8, -3/58 HPs)
             Began as a Merfolk Ice Elementalist on June 13, 2023.
             Slain by a phantom (4 damage)
             ... on level 6 of the Dungeon.
             The game lasted 00:38:33 (5493 turns).

fishfingerz the Chiller (Merfolk Ice Elementalist)  Turns: 5493, Time: 00:38:34

Health: -3/58      AC:  3    Str: 11    XL:     8   Next: 48%
Magic:  11/16      EV: 13    Int: 14    God:
Gold:   394        SH:  0    Dex: 14    Spells: 11/18 levels left

rFire   . . .        l - +2 dagger (venom)
rCold   . . .        (no shield)
rNeg    . . .        a - +1 robe
rPois   .            (no helmet)
rElec   .            (no cloak)
rCorr   .            (no gloves)
SInv    .            (no boots)
Will    .....        (no amulet)
Stlth   +++          (no ring)
HPRegen 0.29/turn    (no ring)
MPRegen 0.15/turn

%: no passive effects
@: no status effects
A: (nimble swimmer 2), mertail
a: no special abilities


You were on level 6 of the Dungeon.
You visited 1 branch of the dungeon, and saw 6 of its levels.

You collected 394 gold pieces.

Inventory:

Hand Weapons
 j - a +0 dagger
 l - a +2 dagger of venom (weapon)
Armour
 a - a +1 robe (worn)
 f - a +1 chain mail of cold resistance
Jewellery
 g - an amulet of regeneration
Wands
 k - a wand of quicksilver (5)
Scrolls
 c - a scroll of immolation
 i - a scroll of teleportation
 o - a scroll of revelation
 p - a scroll of fog
 q - a scroll of enchant armour
Potions
 b - a potion of magic
 d - 2 potions of might {unknown}
 e - 3 potions of berserk rage
 h - a potion of attraction {unknown}
 m - a potion of heal wounds
 n - a potion of haste


   Skills:
 * Level 3.0 Fighting
 + Level 0.1 Short Blades
 * Level 4.4 Dodging
 * Level 4.0 Stealth
 * Level 5.8 Spellcasting
 - Level 1.0 Summonings
 * Level 7.8 Ice Magic


You had 11 spell levels left.
You knew the following spells:

 Your Spells              Type           Power      Damage    Failure   Level
a - Freeze                Ice            100%       1d10      1%          1
b - Frozen Ramparts       Ice            50%        1d8       1%          3
c - Ozocubu's Armour      Ice            25%        N/A       1%          3

Your spell library contained the following spells:

 Spells                   Type           Power      Damage    Failure   Level
 Necrotise                Necr           16%        1d4       16%         1
 Lesser Beckoning         Tloc           8%         N/A       24%         2
 Summon Ice Beast         Ice/Summ       16%        N/A       26%         4
 Gell's Gravitas          Tloc           4%         N/A       43%         3
 Teleport Other           Tloc           4%         N/A       43%         3
 Tukima's Dance           Hex            4%         N/A       43%         3
 Vampiric Draining        Necr           4%         2d6       43%         3
 Passage of Golubria      Tloc           4%         N/A       85%         4
 Agony                    Necr           4%         N/A       99%         5
 Yara's Violent Unravell  Hex/Tmut       2%         3d3       99%         5


Dungeon Overview and Level Annotations

Branches:
Dungeon (6/15)
 Temple: D:4-7

Altars:
Dithmenos
Kikubaaqudgha
Qazlal

Annotations:
D:5 1 runed translucent door, Crazy Yiuf, Pikel


Innate Abilities, Weirdness & Mutations

((You are very nimble when in or above water. (Stealth+, EV+, Speed+++)))
Your lower body shifts to a powerful aquatic tail in water.


Message History

Aiming: Freeze (safe; 1% risk of failure)
Press: ? - help, Shift-Dir - straight line, f/p - phantom
Aim: a phantom (lightly damaged)
You freeze the phantom.
The phantom resists.
The phantom is lightly damaged.
The centaur wields a +0 shortbow.
The centaur shoots an arrow.
The arrow barely misses you.
The arrow hits the phantom.
The phantom hits you.
You barely miss the phantom.
The phantom is moderately damaged.
The centaur shoots an arrow.
The arrow closely misses you.
The arrow hits the phantom.
The phantom hits you.
You hit the phantom.
The phantom is severely damaged.
The centaur shoots an arrow.
The arrow barely misses you.
The arrow barely misses the phantom.
The centaur shoots an arrow.
The arrow hits you! The phantom hits you.
The phantom blinks!
You blink.
You hit the phantom but do no damage.
The phantom is severely damaged.
The phantom hits you.
You hit the phantom.
You punch the phantom, but do no damage.
The phantom is severely damaged.
The centaur shoots an arrow.
The arrow misses you.
The phantom hits you but does no damage.
You hit the phantom but do no damage.
The phantom is severely damaged.
The centaur shoots an arrow.
The arrow barely misses you.
The phantom hits you but does no damage.
You hit the phantom.
The phantom is almost destroyed.
The centaur shoots an arrow.
The arrow misses you.
The centaur shoots an arrow.
The arrow barely misses you. The phantom hits you.
The phantom blinks!
You blink.
The centaur shoots an arrow.
The arrow hits you!
* * * LOW HITPOINT WARNING * * *
The centaur shoots an arrow.
The arrow hits you!
* * * LOW HITPOINT WARNING * * *
The centaur shoots an arrow.
The arrow closely misses you. The phantom attacks as you move away!
The phantom hits you.
You die...

# ########### .+####
#.........############..#.#
#######........W@...)......#....
#....##..........#########.#..###
'....''.................>#.#<....
#....##..........####.##.≈≈≈..#.#
#....##..c.......####.##.#≈......
#....###########......##......#.~
#....# #########.#.##.#~≈ #....#
#.#.. .# . #....# ..###≈##


You could see a phantom and a centaur.

Vanquished Creatures
  An orc warrior (D:5)
  2 black bears
  3 lemures (D:5)
  2 scorpions
  4 killer bees (D:5)
  A hound (D:6)
  5 orc priests
  Ijyb (D:5)
  2 iguanas
  Terence (D:2)
  Natasha (thrice) (D:2)
  4 orc wizards
  5 gnolls
  6 adders
  2 ufetubi (D:4)
  3 worms
  A dart slug (D:2)
  18 orcs
  9 ball pythons
  4 bats
  5 endoplasms
  3 giant cockroaches
  4 goblins
  8 hobgoblins
  6 kobolds
  3 quokkas
  3 frilled lizards
  4 rats
113 creatures vanquished.

Notes
Turn   | Place    | Note
-------+----------+-------------------------------------------
     0 | D:1      | fishfingerz the Merfolk Ice Elementalist began the quest
                  | for the Orb.
     0 | D:1      | Reached XP level 1. HP: 13/13 MP: 3/3
   173 | D:1      | Found a faded altar of an unknown god.
   185 | D:1      | Reached XP level 2. HP: 19/19 MP: 1/5
   655 | D:1      | Reached skill level 5 in Ice Magic
   655 | D:1      | Reached XP level 3. HP: 17/25 MP: 0/6
   951 | D:2      | Reached skill level 1 in Fighting
  1140 | D:2      | Reached XP level 4. HP: 20/32 MP: 2/8
  1481 | D:2      | Noticed Terence
  1489 | D:2      | Killed Terence
  1582 | D:2      | Noticed Natasha
  1585 | D:2      | Found an ancient bone altar of Kikubaaqudgha.
  1593 | D:2      | Killed Natasha
  1594 | D:2      | Reached XP level 5. HP: 20/37 MP: 3/9
  1878 | D:2      | Noticed Natasha
  1890 | D:2      | Killed Natasha
  1917 | D:2      | Noticed Natasha
  1925 | D:2      | Killed Natasha
  2293 | D:3      | Found a stormy altar of Qazlal.
  2358 | D:3      | Learned a level 3 spell: Frozen Ramparts
  2362 | D:3      | Learned a level 3 spell: Ozocubu's Armour
  2469 | D:3      | Reached XP level 6. HP: 27/43 MP: 2/11
  2473 | D:3      | Reached skill level 6 in Ice Magic
  3630 | D:4      | Identified the +5 whip "Avunkuh" {heavy, rF+ rC- rCorr
                  | Str+3}
  3699 | D:4      | Reached XP level 7. HP: 40/49 MP: 9/13
  4355 | D:5      | Entered Level 5 of the Dungeon
  4422 | D:5      | Reached skill level 7 in Ice Magic
  4550 | D:5      | Noticed Ijyb
  4568 | D:5      | Reached skill level 5 in Spellcasting
  4572 | D:5      | Reached XP level 8. HP: 13/57 MP: 7/15
  4591 | D:5      | Killed Ijyb
  4662 | D:5      | Noticed Pikel
  4813 | D:5      | Reached skill level 1 in Summonings
  4925 | D:5      | Found a shadowy altar of Dithmenos.
  5045 | D:5      | Found a runed translucent door.
  5046 | D:5      | Noticed Crazy Yiuf
  5491 | D:6      | HP: 1/58 [centaur/arrow (10)]
  5493 | D:6      | Slain by a phantom

Illustrated notes

Levels and vault maps discovered:
D:1:      lightli_molten_gateway, layout_rooms,
          shapermc_ecumenical_altar_starsandcircs
D:2:      cheibrodos_helix_gallery, layout_basic, basic_altar,
          kennysheep_crisscross, dreamdust_wishing_well, uniq_terence,
          uniq_natasha
D:3:      layout_loops_ring, overflow_temple_1_default, nicolae_eternal_life,
          palyth_stone_intersect
D:4:      layout_loops_ring
D:5:      minmay_angry_zag, layout_rooms, amcnicky_altar_gilded,
          worldfamousw_hep_ancestral_shrine, minmay_misc_feat_doors,
          minmay_misc_feat_roman, uniq_pikel, uniq_ijyb, uniq_crazy_yiuf_cottage
D:6:      layout_basic, serial_rivers, chequers_serial_rivers_room_a,
          chequers_serial_rivers_large_a, chequers_serial_rivers_small_b,
          chequers_serial_rivers_small_3, chequers_serial_rivers_room_a,
          chequers_serial_rivers_small_a, dreamdust_gnoll_farm

Skill      XL: |  1  2  3  4  5  6  7  8 |
---------------+-------------------------+-----
Ice Magic      | 5 6 7 |  7.8
Fighting       | 1 2 3 |  3.0
Dodging        | 3 4 |  4.4
Spellcasting   | 3 4 5 |  5.8
Stealth        | 3 4 |  4.0
Summonings     | 1 |  1.0
Short Blades   | |  0.1

Action                     |  1- 3 |  4- 6 |  7- 9 || total
---------------------------+-------+-------+-------++-------
  Melee: Unarmed           |     3 |       |       ||     3
         Dagger            |    15 |     7 |    13 ||    35
         Punch             |       |       |     2 ||     2
   Cast: Freeze            |    45 |    92 |    64 ||   201
         Frozen Ramparts   |       |     9 |    12 ||    21
    Use: Scroll            |     5 |     8 |       ||    13
         Potion            |       |       |     3 ||     3
 Armour: Robe              |    11 |    12 |    16 ||    39
  Dodge: Dodged            |    31 |    39 |    70 ||   140

Table legend: (Time is in decaauts)
 A = Elapsed time spent in this place.
 B = Non-inter-level travel time spent in this place.
 C = Inter-level travel time spent in this place.
 D = Time resting spent in this place.
 E = Time spent auto-exploring this place.
 F = Levels seen in this place.
 G = Mean time per level.
                   A        B        C        D        E       F      G
               +--------+--------+--------+--------+--------+-----+--------+
         Total |   5497 |   5277 |    220 |    616 |   3180 |   6 |  916.2 |
       Dungeon |   5497 |   5277 |    220 |    616 |   3180 |   6 |  916.2 |
               +--------+--------+--------+--------+--------+-----+--------+

Top non-repeatable levels by time:
     D:2: 1441 daAuts
     D:3: 1127 daAuts
     D:4: 1083 daAuts
     D:1: 818 daAuts
     D:5: 754 daAuts
     D:6: 271 daAuts
